 Dungeon Crawl Stone Soup version 0.28.0 (webtiles) character file.

Game seed: 13649014470302077282

47546 BALLS the Fencer (level 14, -3/82 HPs)
             Began as a Vine Stalker Fighter on Feb 5, 2022.
             Was the Champion of Okawaru.
             Drowned by a drowned soul (14 damage)
             ... summoned by a merfolk avatar
             ... on level 6 of the Lair of Beasts.
             The game lasted 00:34:35 (15316 turns).

BALLS the Fencer (Vine Stalker Fighter)            Turns: 15316, Time: 00:34:36

Health: -3/82      AC: 18    Str: 27    XL:     14   Next: 42%
Magic:  0/18       EV: 13    Int:  9    God:    Okawaru [******]
Gold:   843        SH: 14    Dex: 21    Spells: 13/13 levels left

rFire   . . .      SeeInvis .   b - +3 double sword "Givveub" {flame, rN+ Will+ Int-5 Dex+2}
rCold   . . .      Faith    .   K - +0 kite shield
rNeg    + . .      Spirit   +   k - +3 ring mail of Dufeda {Rampage Dex+4}
rPois   +          Reflect  .   (no helmet)
rElec   .          Harm     .   u - scarf {repulsion}
rCorr   .          Rampage  +   Q - +2 pair of gloves "Nuxoaf" {Str+4}
Will    ++...                   (no boots)
Stlth   ++........              (no amulet)
HPRegen 1.03/turn               w - +4 ring of protection
MPRegen 0.16/turn               l - ring of Ochuofud {rPois Int+6}

@: heroic, mesmerised, repel missiles, very slow
A: fangs 3, regeneration 1, magic shield, antimagic bite, no potion heal 2
a: Renounce Religion, Heroism, Finesse, Duel


You were on level 6 of the Lair of Beasts.
You worshipped Okawaru.
Okawaru was exalted by your worship.
You visited 3 branches of the dungeon, and saw 18 of its levels.
You also visited: Gauntlet.

You collected 843 gold pieces.

Inventory:

Hand Weapons
 a - the +9 sword of Zonguldrok {reap}
   (Okawaru gifted it to you on level 6 of the Lair of Beasts)

   Any living foe damaged by it may be reanimated upon death as a zombie
   friendly to the wielder, with an increasing chance as more damage is dealt.
 b - the +3 double sword "Givveub" (weapon) {flame, rN+ Will+ Int-5 Dex+2}
   (You acquired it on level 8 of the Dungeon)

   It burns those it strikes, dealing additional fire damage.
   Big, fiery blades are also staple armaments of hydra-hunters.
   Int:       It affects your intelligence (-5).
   Dex:       It affects your dexterity (+2).
   rN:        It protects you from negative energy.
   Will:      It increases your willpower.
 M - a +0 vorpal scimitar
Armour
 c - the +1 chain mail of Protective Custody {rElec rPois Regen+}
   (Okawaru gifted it to you on level 2 of the Lair of Beasts)

   rElec:     It insulates you from electricity.
   rPois:     It protects you from poison.
   Regen:     It increases your rate of health regeneration.
 k - the +3 ring mail of Dufeda (worn) {Rampage Dex+4}
   (You found it on level 6 of the Dungeon)

   Dex:       It affects your dexterity (+4).
   Rampage:   It bestows one free step when moving towards enemies.
 u - a scarf of repulsion (worn)
 K - a +0 kite shield (worn)
 N - a +1 pair of gloves of infusion
 Q - the +2 pair of gloves "Nuxoaf" (worn) {Str+4}
   (Okawaru gifted it to you on level 11 of the Dungeon)

   Str:       It affects your strength (+4).
Jewellery
 l - the ring of Ochuofud (right hand) {rPois Int+6}
   (You found it in a Gauntlet)

   [ring of intelligence]

   Int:       It affects your intelligence (+6).
   rPois:     It protects you from poison.
 m - a ring of willpower
 w - a +4 ring of protection (left hand)
 G - a ring of willpower
 P - a ring of see invisible
Wands
 i - a wand of iceblast (13)
 I - a wand of flame (39)
 J - a wand of digging (4)
 L - a wand of paralysis (7)
Scrolls
 f - 8 scrolls of teleportation
 g - 2 scrolls of brand weapon {unknown}
 h - 3 scrolls of amnesia
 j - 2 scrolls of silence
 p - 3 scrolls of summoning {unknown}
 s - a scroll of holy word
 t - 5 scrolls of blinking
 v - 4 scrolls of fear
 x - a scroll of noise {unknown}
 y - 2 scrolls of enchant weapon
 B - a scroll of fog {unknown}
 D - 4 scrolls of magic mapping
Potions
 d - 3 potions of might
 e - a potion of attraction {unknown}
 n - a potion of ambrosia
 o - a potion of berserk rage
 q - a potion of invisibility {unknown}
 r - 4 potions of curing
 z - 2 potions of cancellation {unknown}
 A - 3 potions of brilliance
 C - 2 potions of magic
 E - 3 potions of flight {unknown}
 F - 2 potions of haste {unknown}
 H - 2 potions of lignification {unknown}
 O - a potion of resistance {unknown}


   Skills:
 + Level 13.0(18.0) Fighting
 - Level 15.0(20.0) Long Blades
 - Level 8.0(13.0) Armour
 - Level 8.0(13.0) Shields
 - Level 5.0 Invocations


You had 13 spell levels left.
You didn't know any spells.
Your spell library contained the following spells:

 Spells                   Type           Power      Damage    Failure   Level
 Beastly Appendage        Tmut           0%         N/A       71%         1
 Corpse Rot               Necr/Air       0%         N/A       85%         2
 Wereblood                Tmut           0%         N/A       85%         2
 Ozocubu's Armour         Ice            0%         N/A       97%         3
 Portal Projectile        Hex/Tloc       0%         N/A       97%         3
 Spider Form              Tmut/Pois      0%         N/A       97%         3
 Cause Fear               Hex            0%         N/A       100%        4
 Dispel Undead            Necr           0%         3d6       100%        4
 Leda's Liquefaction      Hex/Erth       0%         N/A       100%        4
 Petrify                  Tmut/Erth      0%         N/A       100%        4
 Blade Hands              Tmut           0%         N/A       100%        5
 Metabolic Englaciation   Hex/Ice        0%         N/A       100%        5
 Dispersal                Tloc           0%         N/A       100%        6
 Iron Shot                Conj/Erth      0%         9d1       100%        6
 Statue Form              Tmut/Erth      0%         N/A       100%        6
 Dragon Form              Tmut           0%         N/A       100%        7
 Disjunction              Tloc           0%         N/A       100%        8
 Call Canine Familiar     Summ           Unusable   N/A       N/A         3
 Animate Armour           Summ/Erth      Unusable   N/A       N/A         4
 Death Channel            Necr           Unusable   N/A       N/A         6
 Simulacrum               Ice/Necr       Unusable   N/A       N/A         6
 Dragon's Call            Summ           Unusable   N/A       N/A         9

Dungeon Overview and Level Annotations

Branches:
Dungeon (11/15)            Temple (1/1) D:4            Lair (6/6) D:11
  Swamp (0/4) Lair:4       Spider (0/4) Lair:4        Slime (0/5) Lair:5
Gauntlet (visited)
    Orc: D:9-12

Altars:
Ashenzari
Cheibriados
Dithmenos
Elyvilon
Fedhas
Gozag
Hepliaklqana
Kikubaaqudgha
Makhleb
Nemelex Xobeh
Okawaru
Qazlal
Ru
Sif Muna
Trog
Uskayaw
Vehumet
Wu Jian
Xom
Yredelemnul
Zin
The Shining One
Jiyva

Shops:
D:1 *   D:11 *

Annotations:
Lair:6 exclusion: 2 oklob plants


Innate Abilities, Weirdness & Mutations

You have razor-sharp teeth.
Your natural rate of healing is unusually fast.
When hurt, damage is shared between your health and your magic reserves.
Your bite disrupts and absorbs the magic of your enemies.
Potions cannot restore your health.


Message History

The merfolk avatar chants its luring song.
You slash the merfolk avatar! You burn the merfolk avatar.
The merfolk avatar is lightly wounded.
You block the harpy's attack. The harpy claws you but does no damage.
You rampage towards the merfolk avatar!
You enter the shallow water.
Moving in this stuff is going to be slow.
You barely miss the merfolk avatar. You bite the merfolk avatar!
The merfolk avatar's magic leaks into the air.
You drain its magic.
You feel invigorated.
The merfolk avatar is moderately wounded.
The drowned soul touches you. The drowned soul drowns you!
* * * LOW HITPOINT WARNING * * *
The rime drake barely misses you.
The merfolk avatar falters for a moment.
The harpy claws you.
* * * LOW HITPOINT WARNING * * *
You block the harpy's attack.
You hit the merfolk avatar. You burn the merfolk avatar.
The merfolk avatar is moderately wounded.
You block the harpy's attack. The harpy claws you but does no damage.
The rime drake breathes ice at you. The flash freeze misses you.
The flash freeze hits the plant!!
The plant begins to die.
The plant is flash-frozen.
The merfolk avatar falters for a moment.
You don't have enough magic at the moment.
You slash the merfolk avatar! You burn the merfolk avatar.
The merfolk avatar is heavily wounded.
You block the harpy's attack. The harpy claws you but does no damage.
You block the drowned soul's attack. The rime drake barely misses you.
Your unstable footing causes you to fumble your attack.
You block the drowned soul's attack.
The merfolk avatar falters for a moment.
The rime drake bites you but does no damage.
You block the harpy's attack. x2
Your unstable footing causes you to fumble your attack.
The plant is no longer encased in ice.
The harpy claws you!
* * * LOW HITPOINT WARNING * * *
You block the harpy's attack. The drowned soul touches you.
The drowned soul drowns you!
You die...

.....≈≈P≈≈#
≈≈≈≈≈≈≈8#≈≈P≈.≈##. .....≈≈≈
### ####≈≈≈≈≈.... .....≈##≈
#⌠≈≈ ≈≈≈ #≈≈##≈≈.#.
......##≈≈#≈≈≈ 8≈ #≈.##≈≈≈#.
......≈≈≈≈#≈≈P#####≈
≈#≈≈≈≈.≈#.. #....≈≈≈≈
≈≈P≈[=!!#P≈≈#≈≈≈≈.....
#....≈#P≈
≈≈[W≈(#≈≈≈#≈P≈#.....
......≈≈≈ #(m≈(#≈≈≈#≈≈≈#≈P...
#....≈..≈ #≈≈
#)@H!≈≈≈≈#≈≈≈≈≈PP.. #P....≈≈≈
#≈P≈#≈.k##≈≈≈#≈≈≈.≈....
#....≈≈#≈
#≈≈P8≈≈≈≈.≈.≈#≈≈≈#...PP
####.≈##
#⌠≈≈≈≈≈P≈≈≈≈⌠#≈≈≈#≈...P ..≈≈
#####≈≈≈≈.####≈PP≈..... ≈≈
8≈≈≈≈≈≈≈≈†≈8#≈≈≈≈..... .## ≈
≈#P#≈≈.≈#†#≈≈≈≈##..... )≈≈#≈≈
≈P(≈≈≈≈≈≈≈≈≈#≈≈##≈.... ###
.≈≈≈≈≈#≈≈≈##≈≈###≈#≈≈≈≈≈.....


You could see a merfolk avatar (mesmerising, magic disrupted), a harpy, a rime
drake (catching breath) and a drowned soul (summoned).

Vanquished Creatures
  A minotaur (Gauntlet)
  Erolcha (D:10)
  A boulder beetle (D:10)
  2 catoblepae
  7 hydras
  3 two-headed ogres
  2 thrashing horrors (Gauntlet)
  A skeletal warrior (D:8)
  2 manticores (Lair:6)
  An ugly thing (D:11)
  A cyclops (D:11)
  19 elephants
  5 black mambas
  9 cane toads
  A torpor snail (Lair:3)
  4 rime drakes
  Maggie (D:8)
  9 komodo dragons
  A yaktaur (D:11)
  A queen bee (Gauntlet)
  A wind drake (Lair:6)
  A troll (D:11)
  9 polar bears
  A snapping turtle (Lair:6)
  14 blink frogs
  7 shadows
  7 wyverns
  A basilisk (Lair:3)
  28 yaks
  Eustachio (D:6)
  A steam dragon (Lair:6)
  Edmund (D:6)
  2 orc warriors
  19 water moccasins
  An ice beast (D:6)
  A necrophage (D:6)
  3 sky beasts
  2 black bears
  3 ogres
  3 small abominations (Gauntlet)
  4 centaurs
  25 wolves
  A phantom (D:4)
  5 kobold brigands
  15 bullfrogs
  2 scorpions
  3 killer bees (Gauntlet)
  2 howler monkeys
  4 electric eels
  2 centaur zombies
  3 lava snakes (Lair:2)
  3 bullfrog zombies
  2 hounds
  4 orc priests
  4 jellies
  A gnoll shaman (D:9)
  8 orc wizards
  7 hell rats (Lair:6)
  2 howler monkey zombies
  8 adders
  7 gnolls
  A howler monkey skeleton (D:7)
  A white imp (D:7)
  2 worms
  4 dart slugs
  27 orcs
  8 bats
  13 endoplasms
  2 giant cockroaches
  6 goblins
  4 hobgoblins
  3 jackals (D:1)
  9 quokkas
  8 ball pythons
  4 frilled lizards
  31 kobolds
  2 rats
415 creatures vanquished.

Vanquished Creatures (others)
  An orc wizard (D:7)
  A bush (Lair:6)
  9 fungi
  37 plants
48 creatures vanquished.

Grand Total: 463 creatures vanquished

Notes
Turn   | Place    | Note
-------+----------+-------------------------------------------
     0 | D:1      | BALLS the Vine Stalker Fighter began the quest for the Orb.
     0 | D:1      | Reached XP level 1. HP: 11/11 MP: 2/2
    28 | D:1      | Reached skill level 2 in Long Blades
   198 | D:1      | Reached XP level 2. HP: 10/16 MP: 1/3
   627 | D:1      | Reached skill level 3 in Long Blades
   632 | D:1      | Reached XP level 3. HP: 19/19 MP: 4/4
   787 | D:1      | Found Milarph's Assorted Antiques.
  1634 | D:2      | Noticed a scorpion
  1743 | D:2      | Gained mutation: Your natural rate of healing is unusually
                  | fast. [Vine Stalker growth]
  1743 | D:2      | Reached XP level 4. HP: 22/23 MP: 5/5
  2094 | D:2      | Killed a scorpion
  2095 | D:2      | Reached skill level 4 in Long Blades
  2095 | D:2      | Reached XP level 5. HP: 21/27 MP: 4/6
  2386 | D:3      | Reached skill level 5 in Long Blades
  2563 | D:3      | Identified the +1 robe "Uluuhequ" {Str+4 Int-5 Dex+3}
  2628 | D:3      | Noticed a water moccasin
  3133 | D:4      | Reached XP level 6. HP: 31/32 MP: 7/7
  3141 | D:4      | Reached skill level 6 in Long Blades
  3170 | D:4      | Noticed a black bear
  3186 | D:3      | Killed a black bear
  3258 | D:4      | Reached XP level 7. HP: 24/35 MP: 8/8
  3260 | D:4      | Reached skill level 7 in Long Blades
  3527 | D:4      | Found a staircase to the Ecumenical Temple.
  3551 | Temple   | Entered the Ecumenical Temple
  3670 | Temple   | Became a worshipper of Warmaster Okawaru
  3981 | D:5      | Entered Level 5 of the Dungeon
  4320 | D:5      | Reached skill level 5 in Fighting
  4320 | D:5      | Reached skill level 1 in Invocations
  4320 | D:5      | Gained mutation: You have razor-sharp teeth. [Vine Stalker
                  | growth]
  4320 | D:5      | Reached XP level 8. HP: 41/43 MP: 9/9
  4677 | D:6      | Found an ancient bone altar of Kikubaaqudgha.
  4769 | D:6      | Reached * piety under Okawaru
  5104 | D:6      | Identified the +3 ring mail of Dufeda {Rampage Dex+4}
  5180 | D:6      | Noticed Eustachio
  5185 | D:6      | Killed Eustachio
  5186 | D:6      | Reached skill level 5 in Invocations
  5390 | D:6      | Noticed Edmund
  5406 | D:6      | Killed Edmund
  5406 | D:6      | Reached ** piety under Okawaru
  5407 | D:6      | Reached skill level 8 in Long Blades
  5407 | D:6      | Reached XP level 9. HP: 47/47 MP: 13/13
  5523 | D:7      | Noticed a seven-headed hydra
  6353 | D:7      | Reached skill level 9 in Long Blades
  6380 | D:8      | Identified a scroll of acquirement
  6381 | D:8      | Acquired the +3 double sword "Givveub" {flame, rN+ Will+
                  | Int-5 Dex+2}
  6509 | D:7      | Killed a four-headed hydra
  6509 | D:7      | Reached *** piety under Okawaru
  6585 | D:8      | Noticed a skeletal warrior
  6607 | D:8      | Killed a skeletal warrior
  6607 | D:8      | Reached **** piety under Okawaru
  6608 | D:8      | Reached skill level 10 in Long Blades
  6608 | D:8      | Reached XP level 10. HP: 45/53 MP: 10/14
  6721 | D:8      | Noticed Maggie
  6759 | D:8      | Killed Maggie
  6803 | D:8      | Reached skill level 5 in Shields
  7102 | D:8      | Found a shadowy altar of Dithmenos.
  7210 | D:9      | Noticed a two-headed ogre
  7219 | D:9      | Killed a two-headed ogre
  7219 | D:9      | Reached ***** piety under Okawaru
  7457 | D:9      | Identified the +2 mace of Living Honour {spect, Will- Int+4
                  | Dex+2 SInv}
  7565 | D:9      | Found a blossoming altar of Fedhas.
  7677 | D:9      | Noticed a two-headed ogre
  7682 | D:9      | Killed a two-headed ogre
  7852 | D:10     | Entered Level 10 of the Dungeon
  7897 | D:10     | Reached XP level 11. HP: 41/60 MP: 9/15
  8134 | D:10     | Noticed a boulder beetle
  8158 | D:10     | Killed a boulder beetle
  8276 | D:10     | Identified the +0 leather armour of the Sun {rF+ rC- Regen+
                  | Dex+2}
  8322 | D:10     | Noticed Erolcha
  8333 | D:10     | Reached skill level 5 in Armour
  8357 | D:10     | Killed Erolcha
  8357 | D:10     | Received a gift from Okawaru
  8715 | D:11     | Found a staircase to the Lair.
  8768 | D:11     | Found an iron altar of Okawaru.
  8792 | D:11     | Noticed a cyclops
  8803 | D:11     | Killed a cyclops
  8817 | D:11     | Found Ashab's Changing Room.
  8850 | D:11     | Found a blossoming altar of Fedhas.
  8850 | D:11     | Noticed a purple ugly thing
  8862 | D:11     | Killed a purple ugly thing
  8881 | D:11     | Noticed a six-headed hydra
  8886 | D:11     | Killed a three-headed hydra
  8886 | D:11     | Identified the +2 pair of gloves "Nuxoaf" {Str+4} (Okawaru
                  | gifted it to you on level 11 of the Dungeon)
  8886 | D:11     | Received a gift from Okawaru
  8886 | D:11     | Reached ****** piety under Okawaru
  8925 | D:11     | Found a gate leading to a gauntlet.
  8930 | Gauntlet | Entered a Gauntlet
  8930 | Gauntlet | Found a transporter.
  8930 | Gauntlet | Found a runed translucent door.
  8930 | Gauntlet | Found a transporter.
  8930 | Gauntlet | Found a runed translucent door.
  8931 | Gauntlet | Found a transporter.
  8932 | Gauntlet | Found a transporter.
  8932 | Gauntlet | Found a transporter.
  8935 | Gauntlet | Found a transporter.
  8944 | Gauntlet | Found a transporter.
  8944 | Gauntlet | Found a transporter.
  8945 | Gauntlet | Found a transporter.
  8946 | Gauntlet | Found a transporter.
  8946 | Gauntlet | Noticed a thrashing horror
  8948 | Gauntlet | Noticed a thrashing horror
  8948 | Gauntlet | Noticed a wolf spider
  8953 | Gauntlet | Noticed a moth of wrath
  8954 | Gauntlet | Found a transporter.
  8955 | Gauntlet | Found a transporter.
  9183 | Gauntlet | Identified the ring of Ochuofud {rPois Int+6}
  9238 | Gauntlet | Killed a thrashing horror
  9240 | Gauntlet | Reached XP level 12. HP: 50/64 MP: 14/16
  9244 | Gauntlet | Killed a thrashing horror
  9359 | Gauntlet | Noticed a minotaur
  9369 | Gauntlet | Killed a minotaur
  9370 | Gauntlet | Reached skill level 11 in Long Blades
  9374 | Gauntlet | Identified the +8 war axe of Incongruity {vorpal, Will+}
  9448 | D:11     | Noticed a two-headed ogre
  9460 | D:11     | Killed a two-headed ogre
  9643 | D:11     | Noticed a five-headed hydra
  9649 | D:11     | Killed a two-headed hydra
  9830 | D:11     | Found a stormy altar of Qazlal.
 10051 | Lair:1   | Entered Level 1 of the Lair of Beasts
 10053 | Lair:1   | Noticed a four-headed hydra
 10057 | Lair:1   | Killed a one-headed hydra
 10274 | Lair:1   | Reached skill level 12 in Long Blades
 10926 | Lair:2   | Identified the +1 chain mail of Protective Custody {rElec
                  | rPois Regen+} (Okawaru gifted it to you on level 2 of the
                  | Lair of Beasts)
 10926 | Lair:2   | Received a gift from Okawaru
 11099 | Lair:2   | Reached skill level 13 in Long Blades
 11225 | Lair:2   | Identified the +0 pair of gloves "Renk" {Harm rPois rC+}
 11401 | Lair:2   | Reached XP level 13. HP: 41/68 MP: 11/17
 11604 | Lair:2   | Reached skill level 14 in Long Blades
 12281 | Lair:3   | Received a gift from Okawaru
 12380 | Lair:3   | Reached skill level 15 in Long Blades
 12924 | Lair:4   | Found a staircase to the Swamp.
 13105 | Lair:4   | Found a hole to the Spider Nest.
 13640 | Lair:5   | Received a gift from Okawaru
 13843 | Lair:5   | Reached skill level 10 in Fighting
 13907 | Lair:5   | Found a viscous altar of Jiyva.
 13908 | Lair:5   | Found a staircase to the Slime Pits.
 14503 | Lair:6   | Entered Level 6 of the Lair of Beasts
 14516 | Lair:6   | Reached XP level 14. HP: 74/79 MP: 16/18
 14772 | Lair:6   | Received a gift from Okawaru
 14772 | Lair:6   | Found the +9 sword of Zonguldrok {reap}
 15316 | Lair:6   | Drowned by a drowned soul

Illustrated notes

Levels and vault maps discovered:
D:1:      tarquinn_simple_flora_water_e, layout_loops_ring, serial_shops,
          nicolae_shop_overgrown_old_shop, serial_forest,
          infiniplex_forest_straight_2, infiniplex_forest_lined_ring,
          infiniplex_forest_lined_room_, infiniplex_forest_clump_small,
          serial_bayou_pond_c, minmay_pentomino_t2
D:2:      layout_loops_corners, uniq_crazy_yiuf_cottage
D:3:      layout_loops_corners, nrook_uturn
D:4:      layout_basic, minmay_temple_entry_statues
D:5:      layout_basic
D:6:      layout_basic, nicolae_kikubaaqudgha_miasma_corner,
          hangedman_glass_teeth, uniq_edmund, uniq_eustachio
D:7:      layout_basic
D:8:      minmay_distorted_concentric_squares, layout_rooms,
          mainiacjoe_overflow_six_doors_small, uniq_maggie
D:9:      layout_roguey, mainiacjoe_overflow_catwalk, water_maze_lemuel
D:10:     layout_irregular_city, uniq_erolcha
D:11:     layout_irregular_city, dpeg_oklobed_lair, gauntlet_entry_generic,
          nicolae_transmutations_shop, hangedman_feature_mirror,
          nicolae_qazlal_eye_of_the_storm
Temple:   mainiacjoe_temple_bowtie_tessellation
Lair:1:   layout_chaotic_city, lemuel_fruit_tree
Lair:2:   beast_lair_carwin_large_2, layout_loops_ring,
          nicolae_lair_liquid_snakes, infiniplex_staircase_pool_2
Lair:3:   layout_cave_pods
Lair:4:   layout_hall_layers, swamp_mist, dummy_spider_entry
Lair:5:   layout_regular_city, dpeg_slime_entry_enclosed_altar
Lair:6:   gammafunk_lair_ancient_temple, layout_cave_pods, serial_bayou_pond_d,
          dpeg_oklob_1, grunt_megastairs_4, serial_bayou_shore_a

Skill      XL: |  1  2  3  4  5  6  7  8  9 10 11 12 13 14 |
---------------+-------------------------------------------+-----
Long Blades    | 2 3 4 5 6 7 8 10 13 15 | 15.0
Fighting       | 5 6 8 11 13 | 13.0
Invocations    | 1 5 |  5.0
Shields        | 4 7 8 |  8.0
Armour         | 8 |  8.0

Action                   |  1- 3 |  4- 6 |  7- 9 | 10-12 | 13-15 || total
-------------------------+-------+-------+-------+-------+-------++-------
Melee: Long sword        |    78 |   124 |   245 |       |       ||   447
       Bite              |    20 |    32 |    93 |   132 |   152 ||   429
       Double sword      |       |       |    22 |   373 |   392 ||   787
       Flail             |       |       |     2 |       |       ||     2
Invok: Heroism           |       |       |     3 |     6 |     2 ||    11
       Finesse           |       |       |       |     3 |       ||     3
  Use: Scroll            |       |     1 |    13 |     3 |     3 ||    20
Armor: Scale mail        |    30 |    67 |    50 |       |       ||   147
       Ring mail         |       |       |    60 |   142 |   255 ||   457
       Chain mail        |       |       |       |     4 |       ||     4
Dodge: Dodged            |    33 |    58 |   105 |   122 |   175 ||   493
       Repelled          |       |       |       |       |     3 ||     3
Block: Buckler           |    11 |    21 |    60 |    14 |       ||   106
       Kite shield       |       |       |       |   160 |   320 ||   480
